 Dungeon Crawl Stone Soup version 0.23.2-1-ga50397a6bc (webtiles) character file.

Game seed: 4099201195332896040

545 Mrkan the Cudgeler (level 7, -2/44 HPs)
             Began as a Gargoyle Fighter on May 17, 2019.
             Slain by Blork the orc
             ... wielding a +0 glaive
              (9 damage)
             ... on level 4 of the Dungeon.
             The game lasted 00:08:19 (2810 turns).

Mrkan the Cudgeler (Gargoyle Fighter)               Turns: 2810, Time: 00:08:19

Health: -2/44      AC: 11    Str: 20    XL:     7   Next: 27%
Magic:  7/7        EV:  7    Int: 10    God:
Gold:   182        SH:  9    Dex:  9    Spells: 6/6 levels left

rFire    . . .     SeeInvis .   a - +0 flail
rCold    . . .     Gourm    .   c - +0 shield
rNeg     + . .     Faith    .   b - +0 scale mail
rPois    ∞         Spirit   .   (no helmet)
rElec    +         Reflect  .   (no cloak)
rCorr    .         Harm     .   (no gloves)
MR       .....                  (no boots)
Stlth    ..........             (no amulet)
HPRegen  0.14/turn              (no ring)
MPRegen  0.10/turn              (no ring)

@: no status effects
A: negative energy resistance 1, electricity resistance, unbreathing,
petrification resistance, rot immunity, AC +4
a: no special abilities


You were on level 4 of the Dungeon.
You were very hungry.

You visited 1 branch of the dungeon, and saw 4 of its levels.

You collected 182 gold pieces.

Inventory:

Hand Weapons
 a - a +0 flail (weapon)
Armour
 b - a +0 scale mail (worn)
 c - a +0 shield (worn)
Jewellery
 q - a cursed amulet of inaccuracy {unknown}
Scrolls
 g - 2 scrolls of enchant weapon {unknown}
 h - 2 scrolls of fog {unknown}
 k - a scroll of immolation {unknown}
 m - a scroll of identify {unknown}
 n - 2 scrolls of random uselessness {unknown}
 o - 2 scrolls of remove curse {unknown}
 t - a scroll of teleportation {unknown}
Potions
 d - a potion of might
 e - a potion of resistance {unknown}
 i - a potion of flight {unknown}
 j - a potion of ambrosia
 l - a potion of curing {unknown}
 p - a potion of heal wounds {unknown}
 r - a potion of haste {unknown}
 s - a potion of invisibility {unknown}
Comestibles
 f - 4 rations


   Skills:
 + Level 5.2 Fighting
 * Level 5.6 Maces & Flails
 - Level 3.2 Armour
 + Level 5.2 Shields


You had 6 spell levels left.
You didn't know any spells.
Your spell library was empty.

Dungeon Overview and Level Annotations

Branches:
Dungeon (4/15)
 Temple: D:4-7

Altars:

Annotations:
D:4 Blork the orc


Innate Abilities, Weirdness & Mutations

You are resistant to torment.
Your stone body is resilient. (AC +4)
You are immune to poison.
You resist negative energy. (rN+)
You are resistant to electric shocks. (rElec)
You can survive without breathing.
You are immune to petrification.
You are immune to rotting.


Message History

You sock something!
Reactivating autopickup.
You feel a bit more experienced.
You closely miss the leopard gecko. The leopard gecko barely misses you.
The leopard gecko bites you but does no damage.
Something hits you but does no damage.
Deactivating autopickup; reactivate with Ctrl-A.
Your shield prevents you from hitting the leopard gecko.
The leopard gecko bites you but does no damage.
You hit the leopard gecko.
You kill the leopard gecko!
Something hits you but does no damage. Something hits you but does no damage.
Items here: )) [[ ††† You hit something.
Something hits you.
Your shield and scale mail prevent you from hitting something.
Something hits you!
* * * LOW HITPOINT WARNING * * *
You closely miss something. Something hits you!
You die...

#.......# #.............
#.......# #...........
#...)o..###+#...........
#..l....##.........<...§
.....##.##...........§§§
..o #o##...........§§≈ .
#o#.....##...#...≈
#{#.....#########≈
#@#..†..# # #.#..†.##
#.#....# #.#....###
#.#......#
#######.#......######
#.......##..........#
#.......''..........#
#.).....##..........#


You could see 2 orcs.

Vanquished Creatures
  Edmund (D:4)
  A phantom (D:2)
  A howler monkey (D:4)
  2 orc wizards
  A worker ant (D:4)
  3 gnolls (D:2)
  9 adders
  An ooze (D:1)
  An adder skeleton (D:4)
  2 worms
  3 dart slugs
  4 leopard geckos
  4 orcs (D:3)
  5 giant cockroaches
  7 goblins
  18 hobgoblins
  4 jackals
  4 quokkas
  2 ball pythons (D:3)
  10 bats
  7 frilled lizards
  2 kobolds
  11 rats
103 creatures vanquished.

Vanquished Creatures (others)
  A kobold (D:3)
1 creature vanquished.

Grand Total: 104 creatures vanquished

Notes
Turn   | Place    | Note
-------+----------+-------------------------------------------
     0 | D:1      | Mrkan the Gargoyle Fighter began the quest for the Orb.
     0 | D:1      | Reached XP level 1. HP: 14/14 MP: 1/1
    85 | D:1      | Reached XP level 2. HP: 19/19 MP: 2/2
   455 | D:1      | Reached XP level 3. HP: 17/23 MP: 3/3
   966 | D:2      | Reached XP level 4. HP: 11/29 MP: 4/4
  1481 | D:2      | Noticed a phantom
  1515 | D:2      | Killed a phantom
  1515 | D:2      | Reached XP level 5. HP: 31/34 MP: 5/5
  1875 | D:3      | Reached XP level 6. HP: 39/39 MP: 6/6
  2679 | D:4      | Reached skill level 5 in Maces & Flails
  2731 | D:4      | Noticed Blork the orc
  2731 | D:4      | Noticed Edmund
  2764 | D:4      | Killed Edmund
  2764 | D:4      | Reached skill level 5 in Fighting
  2764 | D:4      | Reached skill level 5 in Shields
  2764 | D:4      | Reached XP level 7. HP: 20/44 MP: 7/7
  2810 | D:4      | Slain by Blork the orc

Skill      XL: |  1  2  3  4  5  6 |
---------------+-------------------+-----
Maces & Flails | 3 4 5 |  5.6
Fighting       | 4 5 |  5.2
Shields        | 4 5 |  5.2
Armour         | |  3.2

Action                   |  1- 3 |  4- 6 |  7- 9 || total
-------------------------+-------+-------+-------++-------
Melee: Flail             |   111 |   294 |    42 ||   447
  Use: Potion            |       |       |     1 ||     1
  Eat: Chunk             |       |     6 |       ||     6
Armor: Scale mail        |    66 |   193 |    31 ||   290
Dodge: Dodged            |    38 |   102 |     6 ||   146
Block: Shield            |    57 |   165 |    17 ||   239
